 Dungeon Crawl Stone Soup version 0.19-a0-376-gf780d9b (webtiles) character file.

6132 Ijustatesigmund the Cleaver (level 10, -7/97 HPs)
             Began as a Hill Orc Fighter on May 30, 2016.
             Was a Follower of Ukayaw.
             Mangled by a small abomination (11 damage)
             ... on level 1 of the Abyss.
             The game lasted 00:18:41 (7382 turns).

Ijustatesigmund the Cleaver (Hill Orc Fighter)      Turns: 7382, Time: 00:18:41

Health: -7/97      AC: 18    Str: 20    XL:     10   Next: 89%
Magic:  8/8        EV:  4    Int:  4    God:    Ukayaw [*.....]
Gold:   518        SH: 10    Dex: 12    Spells: 0 memorised, 9 levels left

rFire  . . .     SeeInvis .     a - +2 war axe
rCold  . . .     Gourm    .     i - +0 plate armour
rNeg   . . .     Faith    .     c - +0 shield
rPois  .         Spirit   .     E - +0 helmet (curse)
rElec  .         Dismiss  .     j - +0 cloak
rCorr  .         Reflect  .     t - +0 pair of gloves {Dex+3}
SustAt +         Harm     .     (no boots)
MR     .....     Rnd*Rage +     (no amulet)
Stlth  ..........               (no ring)
                                o - ring of sustain attributes

@: about to teleport, flying, not resistant to hostile enchantments, extremely
unstealthy
A: berserk 2, blurry vision 3, clumsy 2, deterioration 2, dopey 2, low mp 2,
slow regeneration 2
a: Stomp, Renounce Religion


You were on level 1 of the Abyss.
You worshipped Ukayaw.
Ukayaw was aware of your devotion.
You were not hungry.

You visited 2 branches of the dungeon, and saw 10 of its levels.
You visited the Abyss 1 time.
You also visited: Sewer.

You collected 518 gold pieces.

Inventory:

Hand Weapons
 a - a +2 war axe (weapon)
Armour
 c - a +0 shield (worn)
 i - a +0 plate armour (worn)
 j - a +0 cloak (worn)
 t - a +0 pair of gloves of dexterity (worn)
 E - a cursed +0 helmet (worn)
Jewellery
 o - a ring of sustain attributes (left hand)
Wands
 y - a wand of disintegration (11/24)
 D - a wand of acid (7/15)
 F - a wand of paralysis (18/24)
Scrolls
 d - a scroll of teleportation
 g - a scroll of recharging
 q - 6 scrolls of remove curse
 z - a scroll of amnesia
 B - 2 scrolls of magic mapping
 H - a scroll of blinking
Potions
 b - 2 potions of brilliance
 h - a potion of magic {unknown}
 k - a potion of cancellation {unknown}
 l - a potion of ambrosia
 m - 5 potions of curing
 n - a potion of berserk rage {unknown}
 r - 2 potions of cure mutation {unknown}
 s - a potion of haste {unknown}
 u - a potion of beneficial mutation {unknown}
 w - 2 potions of flight
 x - a potion of mutation {unknown}
 A - 3 potions of heal wounds {unknown}
Books
 v - a book of the Dragon

   Spells                             Type                      Level
   a - Flame Tongue                   Conjuration/Fire             1
   b - Cause Fear                     Hexes                        4
   c - Bolt of Fire                   Conjuration/Fire             6
   d - Dragon Form                    Transmutation                7
   e - Dragon's Call                  Summoning                    9
Comestibles
 f - 5 bread rations
 p - 6 meat rations
 C - a slice of pizza


   Skills:
 + Level 11.7 Fighting
 + Level 12.3 Axes
 - Level 8.8 Armour
 + Level 6.1 Shields


You had 9 spell levels left.
You didn't know any spells.

Dungeon Overview and Level Annotations

Branches:
Dungeon (9/15)             Temple (1/1) D:7            Lair (0/8) D:9
    Orc: D:9-12

Altars:
Dithmenos
Elyvilon
Gozag
Kikubaaqudgha
Nemelex Xobeh
Okawaru
Pakellas
Qazlal
Ru
Sif Muna
Trog
Ukayaw
Vehumet
Zin
The Shining One

Shops:
D:4 }   D:7 [

Annotations:
D:8 Psyche


Innate Abilities, Weirdness & Mutations

[You often lose your temper in combat.]
[Scrolls take you much longer to read.]
[You are very clumsy. (Dex -4)]
[Your body often deteriorates upon taking damage.]
[You are very dopey. (Int -4)]
[Your magical capacity is very low. (-20% MP)]
[You do not regenerate naturally when monsters are visible.]


Message History

Your natural regeneration is weakened. x2
The wretched star pulses with an eldritch light!
Your vision blurs.
The wretched star pulses with an eldritch light!
You feel less energetic. x2
A small abomination comes into view.
You hit the large abomination.
The large abomination is lightly damaged.
You hit the small abomination.
The small abomination is lightly damaged.
You block the large abomination's attack.
The wretched star pulses with an eldritch light!
You feel stupid. x2
The small abomination barely misses you.
The large abomination hits you.
* * * LOW HITPOINT WARNING * * *
It was a potion of flight.
You feel very buoyant.
You fly up into the air.
The small abomination hits you!
You die...

..#$#.##.# ..
#..# #.# # ##.
....##.##..#
##.##....#....#
#.x..#.### ###..
#.#..#...##.*.# .
# #..*..##..... #
#Xx*##.*#.#.#....
#@.#..##.#.## .
###...# #. # #
####.# .#.# # .
#.. . .. # .#. .


You could see 2 wretched stars, a large abomination and 2 small abominations.

Vanquished Creatures
  A deep elf demonologist (Abyss:1)
  Erica (D:8)
  The ghost of tstbtto the Cleaver, a novice MiCK of Ru (D:8)
  Pikel (D:8)
  The ghost of tstbtto the Chopper, a novice MiCK of Xom (D:4)
  A large abomination (Abyss:1)
  2 hungry ghosts
  4 ice beasts
  A sky beast (D:5)
  A black bear (D:6)
  An ogre (D:4)
  3 centaurs
  A phantom (D:4)
  2 small abominations (Abyss:1)
  2 big kobolds
  6 giant frogs
  A scorpion (D:8)
  A howler monkey (D:4)
  3 crimson imps
  6 jellies
  8 hounds
  An orc priest (D:9)
  An iguana (D:5)
  2 orc wizards
  5 worker ants
  Terence (D:2)
  A hound zombie (D:6)
  A howler monkey zombie (D:8)
  A worker ant zombie (D:7)
  9 adders
  4 gnolls (D:4)
  A river rat (Sewer)
  2 shadow imps
  An ooze (D:5)
  2 adder skeletons
  2 adder zombies (D:6)
  6 dart slugs
  4 worms
  2 giant geckos (D:1)
  12 orcs
  8 giant cockroaches
  5 goblins
  7 hobgoblins
  4 jackals
  17 kobolds
  3 quokkas
  A ball python (D:3)
  4 bats
  A giant gecko skeleton (D:7)
  5 giant newts
  14 rats
175 creatures vanquished.

Vanquished Creatures (others)
  A quokka (D:4)
1 creature vanquished.

Grand Total: 176 creatures vanquished

Notes
Turn   | Place    | Note
--------------------------------------------------------------
     0 | D:1      | Ijustatesigmund the Hill Orc Fighter began the quest for the Orb.
     0 | D:1      | Reached XP level 1. HP: 19/19 MP: 1/1
    50 | D:1      | Reached skill level 3 in Axes
    76 | D:1      | Reached XP level 2. HP: 27/27 MP: 2/2
   255 | D:1      | Found a sparkling altar of Nemelex Xobeh.
   282 | D:1      | Reached XP level 3. HP: 29/34 MP: 3/3
   822 | D:2      | Noticed Terence
   842 | D:2      | Killed Terence
   842 | D:2      | Reached skill level 5 in Fighting
   842 | D:2      | Reached skill level 4 in Axes
   842 | D:2      | Reached XP level 4. HP: 39/42 MP: 4/4
  1546 | D:3      | Reached XP level 5. HP: 36/49 MP: 5/5
  1710 | D:3      | Found an opulent altar of Gozag.
  1769 | D:3      | Reached skill level 5 in Axes
  1928 | D:4      | Found Jetsilye's Gadget Boutique.
  1998 | D:4      | Found a white marble altar of Elyvilon.
  2134 | D:4      | Reached XP level 6. HP: 56/57 MP: 6/6
  2564 | D:4      | Reached skill level 6 in Axes
  2624 | D:4      | Noticed a phantom
  2636 | D:4      | Killed a phantom
  2636 | D:4      | Reached XP level 7. HP: 61/64 MP: 7/7
  2703 | D:4      | Noticed tstbtto's ghost (novice MiCK)
  2720 | D:4      | Killed tstbtto's ghost
  2720 | D:4      | Reached skill level 7 in Axes
  2720 | D:4      | Reached skill level 5 in Armour
  2720 | D:4      | Reached XP level 8. HP: 58/73 MP: 8/8
  2768 | D:4      | Noticed a moth of wrath
  2772 | D:4      | Found a bloodstained altar of Trog.
  3094 | D:4      | Found an iron altar of Okawaru.
  3094 | D:4      | Found a glowing silver altar of Zin.
  3220 | D:5      | Entered Level 5 of the Dungeon
  3438 | D:5      | Found a sacrificial altar of Ru.
  3792 | D:5      | Reached skill level 8 in Axes
  4248 | D:6      | Found a glowing drain.
  4287 | Sewer    | Entered a sewer
  4387 | Sewer    | Found a white marble altar of Elyvilon.
  4509 | D:6      | Reached skill level 9 in Axes
  4615 | D:6      | Found an oddly glowing altar of Pakellas.
  4659 | D:6      | Reached XP level 9. HP: 79/83 MP: 9/9
  5469 | D:7      | Reached skill level 10 in Axes
  5588 | D:7      | Found Jititirch's Antique Armour Boutique.
  5599 | D:7      | Found a shadowy altar of Dithmenos.
  5631 | D:7      | Found a staircase to the Ecumenical Temple.
  5641 | Temple   | Entered the Ecumenical Temple
  5649 | Temple   | Became a worshipper of Ukayaw the Reveler
  5757 | D:8      | Found a glowing golden altar of the Shining One.
  5783 | D:8      | Reached * piety under Ukayaw
  5793 | D:8      | Reached ** piety under Ukayaw
  5831 | D:8      | Noticed Erica
  5846 | D:8      | Reached *** piety under Ukayaw
  5847 | D:8      | Killed Erica
  5847 | D:8      | Reached skill level 10 in Fighting
  5847 | D:8      | Reached XP level 10. HP: 50/94 MP: 10/10
  5853 | D:8      | Noticed tstbtto's ghost (novice MiCK)
  6116 | D:9      | Found a staircase to the Lair.
  6322 | D:8      | Reached skill level 11 in Axes
  6348 | D:8      | Found a stormy altar of Qazlal.
  6386 | D:8      | Noticed Pikel
  6386 | D:8      | Noticed Psyche
  6479 | D:9      | Reached **** piety under Ukayaw
  6715 | D:8      | Killed Pikel
  6919 | D:8      | Killed tstbtto's ghost
  6919 | D:8      | Reached skill level 5 in Shields
  6957 | D:8      | Cast into level 1 of the Abyss (Psyche)
  7006 | Abyss:1  | Noticed a starcursed mass
  7024 | Abyss:1  | Noticed a starcursed mass
  7185 | Abyss:1  | Noticed a deep elf demonologist
  7190 | Abyss:1  | Killed a deep elf demonologist
  7190 | Abyss:1  | Reached skill level 12 in Axes
  7364 | Abyss:1  | Noticed a wretched star
  7367 | Abyss:1  | Noticed a wretched star
  7373 | Abyss:1  | Noticed a large abomination
  7381 | Abyss:1  | HP: 4/97 [large abomination (4)]
  7382 | Abyss:1  | Mangled by a small abomination

Vault maps used:
D:1:      minmay_arrival_doors, hex_large, nemelex_deck
D:2:      first_bread, kennysheep_generic_room_11, uniq_terence
D:3:      grunt_gozag_statues
D:4:      gammafunk_temple_overflow_wave, tgw_trog, elyvilon_altar_4,
          serial_shops, shop
D:5:      nicolae_ru_sacrificial_ziggurat
D:6:      lemuel_crystal_altar, gup_sewer_entry_glass
D:7:      temple_pool_b, serial_shops, nicolae_shop_statue_plus,
          grunt_dithmenos_smoke
D:8:      marbit_many_paths, lemuel_doored_altar, uniq_erica, uniq_pikel,
          uniq_psyche
D:9:      cheibriados_altar_wand_db, lair_0_dummy, erik_orc_2, uniq_gastronok
Temple:   triangle_lava_temple_12
Sewer:    sewer_kobolds

Skill      XL: |  1  2  3  4  5  6  7  8  9 10 |
---------------+-------------------------------+-----
Axes           | 3 4 5 6 7 9 10 12 | 12.3
Fighting       | 4 5 6 7 9 10 11 | 11.7
Armour         | 4 5 7 8 |  8.8
Shields        | 6 |  6.1

Action                   |  1- 3 |  4- 6 |  7- 9 | 10-12 || total
-------------------------+-------+-------+-------+-------++-------
Melee: War axe           |    90 |   162 |   330 |   132 ||   714
Invok: Line Pass         |       |       |     1 |       ||     1
  Use: Scroll            |     8 |     3 |     5 |     4 ||    20
       Potion            |       |       |     2 |     3 ||     5
 Stab: Invisible         |       |       |     1 |       ||     1
       Paralysed         |       |       |     1 |     6 ||     7
       Distracted        |       |       |     1 |       ||     1
  Eat: Chunk             |       |     6 |     8 |     2 ||    16
       Pizza             |       |       |     3 |     1 ||     4
       Bread ration      |       |       |       |     1 ||     1
Armor: Scale mail        |    11 |       |       |       ||    11
       Plate armour      |    28 |   113 |   196 |    70 ||   407
Dodge: Dodged            |    15 |    23 |    46 |    24 ||   108
Block: Shield            |    46 |    88 |   152 |    70 ||   356
